 Dungeon Crawl Stone Soup version 0.28-a0-1142-gc8569940dd (webtiles) character file.

Game seed: 13677955518040493647

94 GenialerGandalf the Covered (level 4, 0/40 HPs)
             Began as a Hill Orc Fighter on Dec 13, 2021.
             Slain by a gnoll (2 damage)
             ... on level 2 of the Dungeon.
             The game lasted 00:02:38 (1942 turns).

GenialerGandalf the Covered (Hill Orc Fighter)      Turns: 1942, Time: 00:02:40

Health: 0/40       AC:  7    Str: 20    XL:     4   Next: 63%
Magic:  4/4        EV:  9    Int:  8    God:
Gold:   199        SH:  4    Dex: 10    Spells: 3/3 levels left

rFire   . . .      SeeInvis .   a - +0 war axe
rCold   . . .      Faith    .   c - +0 buckler
rNeg    . . .      Spirit   .   b - +0 scale mail
rPois   .          Reflect  .   (no helmet)
rElec   .          Harm     .   (no cloak)
rCorr   .          Rampage  .   (no gloves)
Will    .....                   (no boots)
Stlth   ..........              (no amulet)
HPRegen 0.13/turn               (no ring)
MPRegen 0.09/turn               (no ring)

@: no status effects
A: no striking features
a: no special abilities


You were on level 2 of the Dungeon.
You visited 1 branch of the dungeon, and saw 2 of its levels.

You collected 199 gold pieces.

Inventory:

Hand Weapons
 a - a +0 war axe (weapon)
Armour
 b - a +0 scale mail (worn)
 c - a +0 buckler (worn)
Magical Staves
 h - a staff of air
Scrolls
 f - a scroll of noise {unknown}
Potions
 d - a potion of might
 e - 3 potions of curing {unknown}
 g - a potion of heal wounds {unknown}
 i - a potion of berserk rage {unknown}


   Skills:
 + Level 4.1 Fighting
 + Level 3.8 Axes
 + Level 4.2 Armour
 + Level 0.5 Dodging
 + Level 3.9 Shields


You had 3 spell levels left.
You didn't know any spells.
Your spell library was empty.

Dungeon Overview and Level Annotations

Branches:
Dungeon (2/15)

Altars:


Message History

The adder bites you but does no damage.
You see here a quokka corpse.
You see here a +0 club.
You hit the adder.
You kill the adder!
The gnoll falls through a shaft!
The shaft crumbles and collapses.
A quokka comes into view.
You see here a +0 club.
You see here a quokka corpse.
You closely miss the gnoll. You block the gnoll's attack.
The gnoll hits you with a +0 whip.
* * * LOW HITPOINT WARNING * * *
You slash the gnoll!
The gnoll is severely wounded.
You closely miss the quokka.
The quokka bites you but does no damage.
The gnoll hits you with a +0 whip.
* * * LOW HITPOINT WARNING * * *
The quokka bites you but does no damage.
You slash the gnoll!
You kill the gnoll!
You barely miss the quokka. The quokka bites you.
* * * LOW HITPOINT WARNING * * *
The quokka bites you but does no damage.
Your Fighting skill increases to level 4!
You block the quokka's attack.
You see here a +0 whip.
You barely miss the quokka.
The quokka bites you but does no damage.
A gnoll comes into view. It is wielding a +0 quarterstaff.
You hit the quokka.
The quokka is moderately wounded.
The quokka barely misses you. The quokka closely misses you.
You barely miss the quokka.
The quokka is moderately wounded.
You hit the gnoll but do no damage. The quokka barely misses you.
The gnoll hits you with a +0 quarterstaff.
* * * LOW HITPOINT WARNING * * *
The gnoll hits you with a +0 quarterstaff.
You die... #. #.# #. ## #. #.# #.##. #. #.# #.#.. # #. ###.### #.... #.##. #PPP.P#

#####.. ... #P...P#
#...... #.##P....##
#.####. #.gr....P.#
#.# ##
.?..g..#@†)..P.####.##
..##.#.######......#.#
# #. ##.####.## #. #.#
### #. #.# #. #.# ##
.. #.# #. #.# #. #.#
##.


You could see a gnoll and a quokka.

Vanquished Creatures
  2 gnolls (D:2)
  3 adders (D:2)
  A worm (D:2)
  A dart slug (D:2)
  4 ball pythons
  3 bats (D:1)
  3 endoplasms
  A giant cockroach (D:1)
  4 goblins
  4 hobgoblins
  5 quokkas
  4 frilled lizards
  5 kobolds
  5 rats
45 creatures vanquished.

Vanquished Creatures (others)
  3 fungi (D:2)
  4 toadstools (D:2)
7 creatures vanquished.

Grand Total: 52 creatures vanquished

Notes
Turn   | Place    | Note
-------+----------+-------------------------------------------
     0 | D:1      | GenialerGandalf the Hill Orc Fighter began the quest for
                  | the Orb.
     0 | D:1      | Reached XP level 1. HP: 19/19 MP: 1/1
   301 | D:1      | Reached XP level 2. HP: 22/27 MP: 2/2
   893 | D:1      | Reached XP level 3. HP: 29/33 MP: 3/3
  1914 | D:2      | Reached XP level 4. HP: 28/40 MP: 4/4
  1942 | D:2      | HP: 2/40 [gnoll (3)]
  1942 | D:2      | Slain by a gnoll

Illustrated notes

Levels and vault maps discovered:
D:1:      nagdon_arrival_double_spiral, layout_basic
D:2:      layout_loops_ring, dreamdust_ecumenical_altar_hidden_monk_grotto,
          serial_shops, nicolae_shop_crystal, minmay_gold_behind_fungi,
          minmay_misc_feat_alley, minmay_octomino_e4

Skill      XL: |  1  2  3  4 |
---------------+-------------+-----
Axes           | 3 |  3.8
Armour         | 4 |  4.2
Fighting       | 4 |  4.1
Dodging        | |  0.5
Shields        | |  3.9

Action                   |  1- 3 |  4- 6 || total
-------------------------+-------+-------++-------
Melee: War axe           |   134 |    15 ||   149
Armor: Scale mail        |   102 |    11 ||   113
Dodge: Dodged            |    86 |    22 ||   108
Block: Buckler           |    48 |     6 ||    54

Table legend: (Time is in decaauts)
 A = Elapsed time spent in this place.
 B = Non-inter-level travel time spent in this place.
 C = Inter-level travel time spent in this place.
 D = Time resting spent in this place.
 E = Time spent auto-exploring this place.
 F = Levels seen in this place.
 G = Mean time per level.
                   A        B        C        D        E       F      G
               +--------+--------+--------+--------+--------+-----+--------+
         Total |   1994 |   1969 |     25 |      0 |   1277 |   2 |  997.0 |
       Dungeon |   1994 |   1969 |     25 |      0 |   1277 |   2 |  997.0 |
               +--------+--------+--------+--------+--------+-----+--------+

Top non-repeatable levels by time:
     D:1: 1150 daAuts
     D:2: 843 daAuts
